 Dungeon Crawl Stone Soup version 0.18.1-47-g9310371 (webtiles) character file.

561 thrashmonkey the Digger (level 7, -5/36 HPs)
             Began as a Gargoyle Earth Elementalist on June 19, 2016.
             Was an Initiate of Vehumet.
             Slain by an ice beast (10 damage)
             ... on level 5 of the Dungeon.
             The game lasted 00:42:52 (6473 turns).

thrashmonkey the Digger (GrEE)                      Turns: 6473, Time: 00:42:53

Health: -5/36      AC:  7    Str: 12    XL:     7   Next: 31%
Magic:  2/14       EV: 12    Int: 17    God:    Vehumet [......]
Gold:   240        SH:  0    Dex: 10    Spells: 3 memorised, 7 levels left

rFire  . . .     SeeInvis .     b - 102 stones
rCold  . . .     Gourm    .     g - +0 robe
rNeg   + . .     Faith    .     (no shield)
rPois  ∞         Spirit   .     (no helmet)
rElec  +         Dismiss  .     (no cloak)
rCorr  .         Reflect  .     h - +0 pair of gloves
SustAt .         Harm     .     (no boots)
MR     .....                    (no amulet)
Stlth  ++........               (no ring)
                                (no ring)

@: not resistant to hostile enchantments, unstealthy
A: negative energy resistance 1, electricity resistance, unbreathing,
petrification resistance, rot immunity, AC +4
a: Renounce Religion


You were on level 5 of the Dungeon.
You worshipped Vehumet.
Vehumet was noncommittal.
You were not hungry.

You visited 1 branch of the dungeon, and saw 5 of its levels.

You collected 240 gold pieces.

Inventory:

Hand Weapons
 a - a +0 whip
Missiles
 b - 102 stones (in hand)
Armour
 g - a +0 robe (worn)
 h - a +0 pair of gloves (worn)
 t - a +0 shield
Jewellery
 z - an uncursed ring of ice {unknown}
Wands
 x - a wand of flame (1/48)
Scrolls
 e - 4 scrolls of remove curse {unknown}
 f - 2 scrolls of random uselessness {unknown}
 j - a scroll of blinking {unknown}
 k - a scroll of magic mapping {unknown}
 n - 4 scrolls of identify {unknown}
 o - 3 scrolls of teleportation {unknown}
 q - a scroll of enchant armour {unknown}
 y - a scroll of recharging {unknown}
Potions
 l - a potion of heal wounds {unknown}
 m - 2 potions of magic {unknown}
 p - a potion of curing {unknown}
 r - a potion of resistance {unknown}
 s - a potion of berserk rage {unknown}
 v - a potion of flight {unknown}
 w - a potion of agility {unknown}
Books
 c - a book of Geomancy

   Spells                             Type                      Level
   a - Sandblast                      Earth                        1
   b - Passwall                       Transmutation/Earth          2
   c - Stone Arrow                    Conjuration/Earth            3
   d - Petrify                        Transmutation/Earth          4
   e - Lee's Rapid Deconstruction     Earth                        5
Comestibles
 d - 4 bread rations
 i - 2 beef jerkies
 u - a meat ration
 A - 2 fruits


   Skills:
 - Level 1.5 Dodging
 - Level 2.1 Stealth
 * Level 5.2 Spellcasting
 + Level 4.0 Conjurations
   Level 0.7 Transmutations
 + Level 5.6 Earth Magic


You had 7 spell levels left.
You knew the following spells:

 Your Spells              Type           Power        Failure   Level  Hunger
a - Sandblast             Erth           ###...       1%          1    None
b - Stone Arrow           Conj/Erth      ###...       8%          3    ###....
c - Lee's Rapid Deconstr  Erth           ###.......   45%         5    ######.


Dungeon Overview and Level Annotations

Branches:
Dungeon (5/15)
 Temple: D:4-7

Altars:
Trog
Vehumet

Shops:
D:4 (


Innate Abilities, Weirdness & Mutations

You are resistant to torment.
Your stone body is resilient (AC +4).
You are immune to poison.
You resist negative energy.
You are resistant to electric shocks.
You can survive without breathing.
You are immune to petrification.
You are immune to rotting.


Message History

Casting: Sandblast
Confirm with . or Enter, or press ? or * to list all spells.
Aiming: Sandblast
Press: ? - help, Shift-Dir - straight line, f/p - ice beast
Aim: an ice beast (severely wounded)
The rocky blast hits the ice beast.
The ice beast is severely wounded.
The ice beast hits you. The ice beast freezes you!
* * * LOW HITPOINT WARNING * * *
Casting: Sandblast
Confirm with . or Enter, or press ? or * to list all spells.
Aiming: Sandblast
Press: ? - help, Shift-Dir - straight line, f/p - ice beast
Aim: an ice beast (severely wounded)
The rocky blast hits the ice beast.
The ice beast is almost dead.
The ice beast hits you.
* * * LOW HITPOINT WARNING * * *
The ice beast freezes you!
You die...

...............#
#.#####.######.#
#.#..........#.#
#.#.....####.#.#
#.#........#.#.#
.........#.#.#.#
#..........#'#.#########
####....................
####............@.......
.........#.......Y......
........................
...)....###.............
........+............?..
........###............?
####.#...#..............
#.##..#...=..........
#.#...#


You could see an ice beast.

Vanquished Creatures
  A centaur (D:4)
  2 giant frog skeletons (D:4)
  2 orc priests (D:4)
  2 orc wizards
  An iguana (D:4)
  Natasha (thrice) (D:2)
  2 worker ants
  3 adders
  An ooze (D:3)
  3 worms
  11 giant geckos
  10 orcs
  4 giant cockroaches
  9 goblins
  10 hobgoblins
  4 jackals
  10 kobolds
  6 quokkas
  6 bats
  11 giant newts
  3 rats (D:1)
104 creatures vanquished.

Vanquished Creatures (others)
  An orc wizard (D:4)
  2 plants (D:4)
3 creatures vanquished.

Grand Total: 107 creatures vanquished

Notes
Turn   | Place    | Note
--------------------------------------------------------------
     0 | D:1      | thrashmonkey the Gargoyle Earth Elementalist began the quest for the Orb.
     0 | D:1      | Reached XP level 1. HP: 10/10 MP: 3/3
   155 | D:1      | Reached XP level 2. HP: 12/15 MP: 0/5
  1323 | D:2      | Reached XP level 3. HP: 19/19 MP: 0/7
  1721 | D:2      | Learned a level 3 spell: Stone Arrow
  2097 | D:2      | Noticed Natasha
  2104 | D:2      | Killed Natasha
  2104 | D:2      | Reached skill level 1 in Conjurations
  2104 | D:2      | Reached XP level 4. HP: 18/24 MP: 2/8
  2372 | D:2      | Noticed Natasha
  2380 | D:2      | Killed Natasha
  2739 | D:3      | Reached XP level 5. HP: 18/28 MP: 1/10
  3226 | D:2      | Noticed Natasha
  3462 | D:2      | Killed Natasha
  4130 | D:4      | Found Soahauff's Weapon Boutique.
  4343 | D:4      | Reached skill level 5 in Earth Magic
  4343 | D:4      | Reached XP level 6. HP: 21/32 MP: 3/12
  5446 | D:4      | Found a radiant altar of Vehumet.
  5446 | D:4      | Found a bloodstained altar of Trog.
  5457 | D:4      | Became a worshipper of Vehumet
  5565 | D:4      | Reached XP level 7. HP: 36/36 MP: 10/14
  5594 | D:4      | Reached skill level 5 in Spellcasting
  5655 | D:4      | Learned a level 5 spell: Lee's Rapid Deconstruction
  6250 | D:5      | Entered Level 5 of the Dungeon
  6473 | D:5      | Slain by an ice beast

Skill      XL: |  1  2  3  4  5  6  7 |
---------------+----------------------+-----
Earth Magic    | 4 5 |  5.6
Spellcasting   | 3 4 5 |  5.2
Conjurations   | 1 2 3 4 |  4.0
Dodging        | |  1.5
Stealth        | |  2.1
Transmutations | |  0.7

Action                   |  1- 3 |  4- 6 |  7- 9 || total
-------------------------+-------+-------+-------++-------
Melee: Club              |    26 |       |       ||    26
       Unarmed           |     1 |       |       ||     1
       Mace              |       |     8 |       ||     8
       Whip              |       |    23 |       ||    23
 Cast: Sandblast         |    81 |   141 |    60 ||   282
       Stone Arrow       |       |     1 |       ||     1
  Eat: Chunk             |     4 |    10 |     3 ||    17
Armor: Robe              |    30 |    50 |    20 ||   100
Dodge: Dodged            |    56 |    66 |    33 ||   155
